[Event "Budapest GM ONE WEEK Feb 2024"]
[Site "Budapest"]
[Date "2024.02.26"]
[Round "1.1"]
[White "Tomic, Aleksandar"]
[Black "Grover, Sahaj"]
[Result "0-1"]
[ECO "D00"]
[WhiteElo "2398"]
[BlackElo "2503"]
[Annotator "TA"]
[PlyCount "86"]
[EventDate "2024.02.25"]
[EventType "tourn"]
[EventCountry "HUN"]
[SourceTitle "playchess.com"]
[Source "ChessBase"]
[SourceQuality "1"]
[TimeControl "5400+30"]

1. d4 d5 2. Bf4 c5 3. e4 dxe4 4. d5 Nf6 5. Nc3 a6 6. f3 {[%emt 0:05:54] D00: 1 d4 d5: Unusual lines.} exf3 7. Qxf3 g6 8. h3 Bg7 9. O-O-O O-O $146 ({Predecessor:} 9... Nbd7 10. g4 O-O 11. Bg2 Ra7 12. Qg3 b5 13. h4 b4 14. Ne4 Nxe4 15. Bxe4 Re8 {1-0 In't Veld,R-Becic,S Haarlem Nova College op 3rd 2004 (6)}) 10. g4 Qa5 11. Qg3 Nbd7 12. Nf3 Nb6 $2 (12... b5 $17 {...b4 would now be deadly.} 13. Bc7 Nb6) 13. Nd2 $1 $14 Nbxd5 (13... Nfxd5 14. Nb3 Qb4 15. Nxd5 Nxd5 16. Rxd5 $18) (13... c4 $142) 14. Nb3 $16 Qb4 (14... Qd8 $142) 15. Rxd5 $18 (15. Nxd5 Nxd5 16. Rxd5 Be6) 15... Nxd5 16. Nxd5 Qa4 17. Kb1 $2 (17. Nxc5 Qd4 18. Nxe7+ Kh8 $17) (17. Nxe7+ $18 Kh8 18. Nd5 (18. Nxc5 Qb4 $19)) 17... Be6 $11 18. Nc3 (18. Nxc5 Qd4 19. Nxe7+ Kh8 $19) (18. Nxe7+ $11 Kh8 19. Bg2 (19. Nxc5 $2 Qxa2+ 20. Kc1 Bxb2+ 21. Kd2 Qa5+ 22. c3 Qxc5 $19)) 18... Bxc3 $15 19. bxc3 Rfd8 20. Be2 (20. Nxc5 $2 Qxa2+ 21. Kc1 Qa1#) 20... c4 21. Nd4 Bd5 22. Re1 (22. Rg1 $5) 22... f6 23. Bh6 $1 e5 24. Nf5 $1 Rd7 (24... gxf5 25. gxf5+ Kf7 26. Qg7+ Ke8 27. Bh5+) (24... Qb5+ $6 25. Ka1 $16) 25. Ne3 Bf7 (25... Rc8 $15 26. Rd1 Bf7) 26. g5 $2 (26. Qf3 $14 {keeps the upper hand.} Rd6 27. Qxb7 Qb5+ 28. Qxb5 axb5 29. Kb2) 26... Qb5+ $19 27. Ka1 f5 28. Rb1 Qc5 29. Qf3 Re8 30. h4 $2 (30. Nxf5 gxf5 (30... e4 31. Qe3 $11) 31. Qxf5) 30... b5 31. Rf1 Qa3 32. Kb1 (32. Nxf5 $142 gxf5 33. g6 hxg6 (33... Bxg6 34. h5 $15) 34. Bc1) 32... Qxc3 (32... e4 $142 33. Qf4 Qxc3 (33... Rd2 34. Nxf5 $16) 34. Nxf5 gxf5) 33. Nd5 $19 Qa5 (33... Qxf3 34. Nf6+ Kh8 35. Bxf3 $14 (35. Rxf3 $2 Rd2 $19)) 34. Nf6+ Kh8 35. Nxd7 c3 36. Kc1 {[%emt 0:00:21] [#]} (36. a3 $2 Qxa3) 36... Qb4 $1 37. Bd3 Bc4 $2 ({Black should try} 37... e4 $19 38. Qf4 Bxa2) 38. Qc6 $2 (38. Bxc4 Qb2+ 39. Kd1 Qb1+ (39... bxc4 40. Ke1 $16) 40. Ke2 Qxc2+ 41. Ke3 Qd2#) (38. Qe3 $11 f4 39. Rxf4 Qb2+ 40. Kd1 Qb1+ (40... Bxd3 41. Qxe5+ Rxe5 42. Rf8#) 41. Ke2 Qxc2+ 42. Kf3 Qd1+ 43. Kf2 Qd2+ (43... exf4 44. Qxe8+ Bg8 45. Qe5#) 44. Qxd2 cxd2 45. Rxc4) 38... Qb2+ 39. Kd1 Qb1+ (39... Qxa2 40. Qf6+ Kg8 41. Qg7#) 40. Ke2 Qxc2+ ({And not} 40... Qxa2 41. Qf6+ Kg8 42. Qg7#) 41. Kf3 Qxd3+ ({Worse is} 41... Bxd3 42. Qf6+ Kg8 43. Qg7#) 42. Kf2 Qxf1+ 43. Kg3 Qg1+ ({Weaker is} 43... Bxa2 44. Qf6+ Kg8 45. Qg7#) 0-1

[Event "Budapest GM ONE WEEK Feb 2024"]
[Site "Budapest"]
[Date "2024.02.26"]
[Round "1.2"]
[White "Pribelszky, Bence"]
[Black "Paszewski, Mateusz"]
[Result "1/2-1/2"]
[ECO "B15"]
[WhiteElo "2371"]
[BlackElo "2286"]
[Annotator "TA"]
[PlyCount "86"]
[EventDate "2024.02.25"]
[EventType "tourn"]
[EventCountry "HUN"]
[SourceTitle "playchess.com"]
[Source "ChessBase"]
[SourceQuality "1"]
[TimeControl "5400+30"]

1. e4 c6 2. d4 d5 3. Nc3 dxe4 4. Nxe4 Nf6 5. Nxf6+ exf6 6. c3 Bd6 7. Bd3 O-O 8. Qc2 {[%emt 0:00:09] Active counter play!} Re8+ 9. Ne2 h5 10. O-O h4 {[%emt 0:00:08] White is slightly better.} 11. h3 Nd7 12. Be3 Nf8 13. Rad1 Be6 14. c4 Rc8 15. Qd2 Ng6 16. d5 cxd5 17. cxd5 ({Don't play} 17. Bxa7 b6 (17... dxc4 $2 {perishes.} 18. Bxg6 fxg6 19. Qxd6 $18) 18. b4 Ne5 $17 (18... dxc4 $2 19. Bxg6 Bc7 20. Bh7+ Kh8 21. Qxd8 $18)) 17... Bd7 18. Bxg6 fxg6 19. Nf4 (19. Rfe1 $11 {remains equal.}) 19... Bf5 ({Black should play} 19... Qe7 $17 20. Qd4 (20. Nxg6 Qe4 $17) 20... Qe4) 20. Rc1 (20. Ne6 $15 Qd7 21. Bxa7) 20... Qd7 21. Rxc8 Rxc8 22. Rc1 Rxc1+ 23. Qxc1 Bxf4 24. Bxf4 Qxd5 $17 {[%emt 0:00:03][%mdl 4096] Endgame. KQB-KQB} 25. b3 a6 26. Be3 Kh7 27. Qc4 ({White should try} 27. Qe1 $15) 27... Qxc4 28. bxc4 {[%emt 0:00:01] KB-KB} Be6 29. a4 Bxc4 30. a5 b5 (30... g5 $17 31. f3 Be2) 31. axb6 $11 {[%emt 0:00:03] [#] Hoping for b7. The position is equal.} Bd5 32. Bd2 g5 33. f3 Kg6 34. Kf2 Kf5 35. Ke3 Ke6 36. Bb4 Bc6 37. Kd4 g6 38. Bd2 Bb7 39. Bc3 Bc6 40. Ke3 Bb7 41. Kf2 Bc6 42. Bb4 Bb7 43. Bc3 Bc6 {[%emt 0:00:42] Weighted Error Value: White=0.11 (very precise) /Black=0.11 (very precise) .  Mistake:       	White=3     	Black=2      Inaccurate:     	White=1     	---        OK:         	White=14    	Black=13     Best:        	White=1     	Black=1} 1/2-1/2

[Event "Budapest GM ONE WEEK Feb 2024"]
[Site "Budapest"]
[Date "2024.02.26"]
[Round "1.3"]
[White "Bodi, Tibor"]
[Black "Gaal, Zsoka"]
[Result "1/2-1/2"]
[ECO "B11"]
[WhiteElo "2294"]
[BlackElo "2341"]
[Annotator "TA"]
[PlyCount "137"]
[EventDate "2024.02.25"]
[EventType "tourn"]
[EventCountry "HUN"]
[SourceTitle "playchess.com"]
[Source "ChessBase"]
[SourceQuality "1"]
[TimeControl "5400+30"]

1. e4 c6 2. Nc3 d5 3. Nf3 Bg4 4. h3 Bxf3 5. Qxf3 Nf6 6. Be2 d4 {[%emt 0:13:31] 6...g6 ist die kritische Fortsetzung. B11: Caro-Kann (Zweispringer-Variante).} 7. Nd1 e5 8. O-O Bd6 $146 ({Predecessor:} 8... Nbd7 9. a4 Bd6 10. Bc4 Qe7 11. d3 h6 12. Qe2 g5 13. c3 O-O-O 14. g3 Rdg8 {1-0 Gajcin,M (2271)-Malikova,M (1756) Olympiad Women-44 2022 (7.4)}) 9. Bc4 O-O 10. d3 b5 11. Bb3 Nbd7 12. a3 c5 13. Bg5 h6 14. Bd2 Nb6 15. c4 bxc4 16. dxc4 a5 17. a4 Re8 18. g3 Nbd7 19. Bc2 Nf8 20. Ra3 Ne6 21. h4 Rb8 22. Rb3 Bc7 23. Rxb8 Qxb8 24. Qd3 Rd8 25. f3 Nh5 26. Kg2 Rd6 27. b3 Qd8 28. Rh1 Qf6 29. Nf2 Qg6 30. Ng4 Rd8 31. Rh3 Rd7 32. Kf2 f6 (32... Nf6 $15) 33. Ke2 Kf8 34. Kd1 Ke8 35. Kc1 Kd8 36. Kb2 Kc8 (36... Nxg3 $5 37. Rxg3 h5 $11) 37. Qf1 Kb7 (37... Nxg3 $14 38. Rxg3 h5) 38. Bd3 ({Günstiger ist} 38. Qe1 $16) 38... Ka6 39. Qg2 (39. Nf2 $16) 39... Ka7 40. Qe2 Qe8 41. Nf2 Rd8 42. Ka2 Qg6 (42... Qc6 $14) 43. Qe1 $16 Ka6 44. Bb1 d3 (44... Nxg3 $2 45. Qg1 $18) 45. Nxd3 ({Bloß nicht} 45. Bxd3 Nd4 $14 (45... Nxg3 $2 {zu gefräßig.} 46. Qg1 $18)) 45... Qe8 46. Be3 Qc6 47. Qe2 g6 48. Qd2 ({Besser ist} 48. Bxh6 Nd4 49. Qf2) 48... f5 49. Qe1 (49. Bxh6 $16 {Droht stark Bg5.} f4 50. gxf4) 49... f4 $11 50. gxf4 Nhxf4 51. Nxf4 ({Vorzuziehen ist} 51. Bxf4 $11 exf4 52. Bc2) 51... exf4 $15 52. Bc1 Be5 53. Rh2 Nd4 54. Qd1 $1 Rb8 55. Bc2 Rd8 56. Rd2 Qf6 57. Ba3 Kb6 58. Qg1 Rd6 59. Qg4 Qe6 60. Qxe6 Rxe6 61. Bd1 Bf6 62. Bb2 Rd6 63. Bc2 Kc6 64. e5 Bxe5 65. Be4+ Kb6 66. Rg2 Nc6 67. Bxc6 ({Doch nicht} 67. Rxg6 Rxg6 68. Bxg6 Bxb2 69. Kxb2 Nd4 $11) 67... Bxb2 68. Bd5 Bd4 69. Kb1 1/2-1/2

[Event "Budapest GM ONE WEEK Feb 2024"]
[Site "Budapest"]
[Date "2024.02.26"]
[Round "1.4"]
[White "Pap, Misa"]
[Black "Pasti, Aron"]
[Result "0-1"]
[ECO "C90"]
[WhiteElo "2422"]
[BlackElo "2389"]
[Annotator "TA"]
[PlyCount "120"]
[EventDate "2024.02.25"]
[EventType "tourn"]
[EventCountry "HUN"]
[SourceTitle "playchess.com"]
[Source "ChessBase"]
[SourceQuality "1"]
[TimeControl "5400+30"]

1. e4 e5 2. Nf3 Nc6 3. Bb5 a6 4. Ba4 Nf6 5. O-O Be7 6. Re1 b5 7. Bb3 O-O 8. d3 d6 9. c3 Na5 10. Bc2 c5 11. Nbd2 Qc7 12. Nf1 Re8 13. h3 Nc6 14. Bg5 {[%emt 0:00:44] C90: Closed Ruy Lopez with 7...d6: Early deviations.} Nd7 15. a4 Bb7 16. h4 $146 ({Predecessor:} 16. Ne3 Qd8 17. Bxe7 Nxe7 18. Bb3 Nf6 19. Ng5 d5 20. exd5 Nexd5 21. Nxd5 Bxd5 22. Bxd5 Qxd5 23. axb5 axb5 24. Rxa8 Rxa8 {0-1 Ater,I-Tseitlin,M (2415) Beersheba-B 1990}) 16... h6 17. Bd2 Nf6 18. Ne3 Bf8 19. Nh2 Ne7 20. Nhg4 Nh7 21. Qf3 h5 22. Nh2 Nf6 23. g4 hxg4 24. Nhxg4 Nxg4 25. Qxg4 d5 26. Qg3 dxe4 27. dxe4 Rad8 28. Rad1 Rd6 29. Ng4 (29. Qxe5 $2 Rg6+ $19) 29... Ng6 $1 30. Be3 Nf4 31. Rxd6 Qxd6 (31... Bxd6 $2 32. Nf6+ Kf8 33. Qxg7+ (33. Nxe8 Kxe8 34. Qxg7 Bf8 $18) 33... Kxg7 34. Nxe8+ Kg6 35. Nxc7 $18) 32. Kh2 (32. Nxe5 $2 Nh5 33. Nxf7 Qxg3+ (33... Kxf7 $2 34. Qg5 $19) 34. fxg3 Kxf7 $19) 32... Re6 33. Rd1 (33. Nxe5 $2 Nh5 34. Nxf7 Kxf7 35. Qxd6 Bxd6+ 36. e5 Bxe5+ (36... Rxe5 $2 37. Kg1 $19) 37. Kg1 Bf4 $19) 33... Qc7 34. f3 (34. Nxe5 $2 Nh5 (34... Bxe4 35. Bxf4 Bxc2 36. Rd7 $16) 35. Rd7 Qb8 36. Rxb7 Qxb7 $19) 34... c4 35. Qf2 Bc8 36. axb5 axb5 37. Ra1 Rg6 ({Black should play} 37... b4 $17 {Hoping for ...b3.} 38. cxb4 Bxb4) 38. Rg1 $2 ({White should try} 38. Bxf4 $1 $15 Bxg4 (38... exf4 39. e5 $11) 39. Be3) 38... Be7 39. Qe1 Bc5 40. Bxc5 Qxc5 41. h5 $2 (41. Ne3) 41... Rg5 42. Qh4 Qe7 (42... Rxh5 $2 {loses.} 43. Nf6+ Kf8 44. Nxh5 $18) 43. Kg3 Rxg4+ 44. fxg4 Ne2+ 45. Kh3 Nxg1+ 46. Kg3 Ne2+ 47. Kh3 Nf4+ 48. Kg3 Qxh4+ (48... Qc5 $142 49. Qd8+ Kh7 50. Qd4 exd4 51. Kxf4 d3 52. Bd1 Qf2+ 53. Bf3 d2 (53... Qxb2 $2 54. e5 $19) 54. Ke5 f6+ (54... Qxf3 {is a self mate.} 55. Kd5 d1=Q+ 56. Kc5 Qe3+ 57. Kxb5 Qb3+ 58. Kc6 Qbb6+ 59. Kd5 Qe6#) 55. Kd6 Qb6+ (55... Qxf3 {leads to mate.} 56. Kd5 d1=Q+ 57. Kc5 Qf2+ 58. Kxb5 Qb3+ 59. Kc6 Qb7+ 60. Kd6 Qd7#) 56. Ke7 Qe6+ 57. Kf8 Bd7 58. Bh1 Qe8#) 49. Kxh4 $19 Nd3 50. b3 Bb7 51. bxc4 bxc4 52. g5 Bxe4 53. Ba4 Nf2 54. Kg3 Nd3 $2 (54... Nh1+ $19 55. Kh2 Nf2) 55. Kg4 $2 (55. Kh4 $11 Nf4 56. Kg4) 55... f5+ 56. Kg3 f4+ 57. Kg4 f3 58. Bb5 f2 59. Bxc4+ Kh8 60. h6 f1=Q 0-1

[Event "Budapest GM ONE WEEK Feb 2024"]
[Site "Budapest"]
[Date "2024.02.26"]
[Round "1.5"]
[White "Vetoshko, Volodymyr"]
[Black "Paschall, William"]
[Result "1-0"]
[ECO "A40"]
[WhiteElo "2505"]
[BlackElo "2331"]
[Annotator "TA"]
[PlyCount "123"]
[EventDate "2024.02.25"]
[EventType "tourn"]
[EventCountry "HUN"]
[SourceTitle "playchess.com"]
[Source "ChessBase"]
[SourceQuality "1"]
[TimeControl "5400+30"]

1. d4 Nf6 2. c4 e6 3. g3 Bb4+ 4. Bd2 c5 5. Bxb4 cxb4 6. Bg2 O-O 7. Nf3 d6 8. O-O Nc6 9. a3 bxa3 10. Rxa3 e5 11. d5 Nb4 12. Nc3 Re8 {[%emt 0:07:28] E11: Bogo-Indian.} 13. Ne1 a5 14. Nd3 Bd7 $146 ({Predecessor:} 14... Nxd3 15. Qxd3 Nd7 16. Qc2 Nc5 17. b4 Na6 18. bxa5 Nc5 19. Rfa1 Bd7 20. Qb2 Ra6 {½-½ Dedijer,S (2064)-Franciskovic,B (2056) Bosnjaci op 10th (Women) 2004 (7)}) 15. Qb3 Nxd3 16. exd3 Qc7 17. Ra2 Reb8 18. Rfa1 Ra6 19. Bf1 Qc5 20. Qa3 Rc8 (20... Qb6 $11 {remains equal.}) 21. Qxc5 $16 Rxc5 22. f4 Rc8 $2 (22... exf4 $16 23. gxf4 Rb6) 23. fxe5 $18 ({Don't take} 23. Rxa5 Rxa5 24. Rxa5 exf4 25. gxf4 Ne8) 23... dxe5 24. Rxa5 Rb6 25. Ra8 Re8 26. Ne4 Kf8 27. Rxe8+ Nxe8 28. b3 Nc7 29. Nc5 Ke7 30. Re1 (30. Ra7 Bc8 31. Bg2 Ne8) 30... f6 31. d4 Bc8 32. dxe5 fxe5 33. Kf2 Rf6+ 34. Kg1 Rb6 $1 35. Re3 g6 36. Na4 ({Resist} 36. Rxe5+ Kd6 37. Nd3 Na6 $18) 36... Rb4 37. Rxe5+ Kd6 38. Re3 Bf5 39. Bg2 b6 $2 (39... Na6 {is a better chance.} 40. Nc3 Nc5 41. Nb5+ Kd7) 40. Nc3 $18 Bc2 41. Ne4+ $2 (41. Re2 $18 {has better winning chances.} Bf5 42. Rb2) 41... Bxe4 $16 42. Bxe4 b5 43. Rc3 Na6 (43... bxc4 $16 44. bxc4 (44. Rxc4 Rxb3 45. Rc6+ Kd7 $11) 44... Kc5) 44. Bc2 (44. Bd3 $18) 44... bxc4 45. bxc4 (45. Rxc4 {simplifies} Kxd5 46. Be4+ Ke5 47. Rxb4 Nxb4 48. Bf3) 45... Rb2 (45... Nc5 $14) 46. Be4 Nc5 47. Bf3 Nb3 48. h4 ({White should play} 48. Bg4) 48... Kc5 $16 49. Re3 (49. Bg2 $16) 49... Nd4 $14 50. Bg2 Kxc4 $2 (50... Nf5 $1 $14 51. Re6 Kxc4) 51. d6 $18 Rb8 52. d7 Rd8 53. Re7 Nf5 54. Rxh7 Nxg3 55. Kf2 Nh5 56. Rf7 Kd4 57. Kf3 Ke5 58. Bh3 Kd6 59. Bg4 Kc7 60. Ke4 Rg8 $2 (60... Kd6 61. Bh3 Rg8) 61. Ke5 $18 Rg7 {[#]} 62. Ke4 $4 (62. Rxg7 $1 {and all is fine.} Nxg7 63. Kf6 Kd8 64. Kxg7 Kc7 65. Kxg6 Kd8 66. h5 Ke7 67. h6) 1-0

[Event "Budapest GM ONE WEEK Feb 2024"]
[Site "Budapest"]
[Date "2024.02.27"]
[Round "2.1"]
[White "Grover, Sahaj"]
[Black "Paschall, William"]
[Result "1-0"]
[ECO "B00"]
[WhiteElo "2503"]
[BlackElo "2331"]
[Annotator "TA"]
[PlyCount "63"]
[EventDate "2024.02.25"]
[EventType "tourn"]
[EventCountry "HUN"]
[SourceTitle "playchess.com"]
[Source "ChessBase"]
[SourceQuality "1"]
[TimeControl "5400+30"]

1. e4 d6 2. d4 a6 3. Nf3 Nf6 4. Bd3 g6 5. O-O Bg7 6. Re1 Nc6 7. c3 e5 8. Be3 {[%emt 0:02:39] White is slightly better.} O-O 9. h3 d5 10. Nxe5 Nxe5 11. dxe5 Nxe4 12. f4 b6 13. Nd2 Bb7 14. Nxe4 dxe4 15. Bc4 Qh4 16. Qg4 (16. Qd7 {feels hotter.} Bc8 17. Qc6 Bf5 18. e6) 16... Qe7 17. a4 Kh8 18. h4 {[%emt 0:01:19] White has more active pieces.} (18. Red1 $16 {Rd7 would now be deadly.} Rad8 19. Rxd8 Rxd8 20. Rd1 Rxd1+ 21. Qxd1) 18... f6 19. exf6 Rxf6 20. Rad1 Bc6 {[%emt 0:03:26] Inhibits Rd7.} 21. Qg5 (21. Bd5 $14 Bd7 22. Qg5) 21... Qf8 $11 22. Bb3 Rf5 23. Qg4 Qe8 {[%emt 0:03:04] Against Be6} 24. Rd2 Bxa4 25. Bxa4 Qxa4 26. Red1 Qe8 {[%emt 0:04:16] Prevents Rd8} 27. Rd7 Rc8 (27... h5 $11 28. Qh3 Rc8) 28. h5 $14 Bf6 $2 {[%emt 0:03:36][%mdl 8192] [#] This costs Black the game.} (28... Rxh5 $2 {too greedy.} 29. Re7 Qxe7 30. Qxc8+ Bf8 31. g4 $18 (31. Qxa6 Rf5 $11) (31. Rd7 Rh1+ 32. Kxh1 Qh4+ 33. Kg1 Qe1+ 34. Kh2 Qh4+ 35. Kg1 Qe1+ 36. Kh2 Qh4+ 37. Kg1 $11)) (28... Kg8 $16) 29. hxg6 $1 $18 {[%emt 0:02:18] White is clearly winning.} Qxg6 30. Qxg6 hxg6 31. g4 Rb5 {[%emt 0:01:12] [#]} 32. Rf7 $1 {[%emt 0:00:05] Weighted Error Value: White=0.11 (very precise) /Black=0.28 (precise) .  Loses game:     	---       	Black=1      Mistake:       	White=2     	Black=1      Inaccurate:     	White=1     	Black=3      OK:         	White=7     	Black=8      Best:        	White=1     	Black=2      Strong:       	White=2     	---} 1-0

[Event "Budapest GM ONE WEEK Feb 2024"]
[Site "Budapest"]
[Date "2024.02.27"]
[Round "2.2"]
[White "Pasti, Aron"]
[Black "Vetoshko, Volodymyr"]
[Result "1-0"]
[ECO "C70"]
[WhiteElo "2389"]
[BlackElo "2505"]
[Annotator "TA"]
[PlyCount "59"]
[EventDate "2024.02.25"]
[EventType "tourn"]
[EventCountry "HUN"]
[SourceTitle "playchess.com"]
[Source "ChessBase"]
[SourceQuality "1"]
[TimeControl "5400+30"]

1. e4 e5 2. Nf3 Nc6 3. Bb5 a6 4. Ba4 Nge7 5. O-O Ng6 6. c3 d5 7. exd5 Qxd5 8. d4 {[%emt 0:09:44][%cal Oc3c4] Strongly threatening c4! The position is equal.} Bg4 9. Bb3 Bxf3 10. Bxd5 Bxd1 11. Rxd1 exd4 12. Bxc6+ bxc6 13. cxd4 O-O-O 14. Be3 f5 15. f3 Bb4 16. a3 Rhe8 17. axb4 Rxe3 18. Nc3 Kb7 (18... Nf4 $1 $11 {keeps the balance.}) 19. Na4 {[%emt 0:07:36] aiming for Nc5+.} Nf4 (19... Ra8 $142) 20. Nc5+ $16 Kb6 (20... Kb8 $16) 21. Rxa6+ $18 Kb5 22. Ra5+ Kb6 23. Na4+ Kb7 24. b5 (24. Rxf5 $18 {has better winning chances.} Nd5 25. Rf7) 24... g6 (24... Rde8 $142) 25. Ra6 (25. b4 $16) 25... Rb8 $2 {[%emt 0:04:18][%mdl 8192] Black cannot hold the game after this.} ({Black should try} 25... Re5 $1 $14 26. Rxc6 Ne2+ 27. Kf2 Rxb5) 26. Nc5+ ({Much less strong is} 26. Rxc6 Rbe8 27. Nc5+ Kb8 $18) 26... Kc8 27. bxc6 (27. Rxc6 Rxb5 28. Rf6 Kd8 $16) 27... Kd8 28. b3 {[%emt 0:04:19] [#] Black must now prevent d5.} Re2 $2 (28... Ke7 {is more resistant.} 29. Ra5 Nd5) 29. Kf1 Rxg2 (29... Ke7 $142 30. g3 Kd6 31. gxf4 Rxh2) 30. Re1 {[%emt 0:00:36] Weighted Error Value: White=0.18 (very precise) /Black=0.60.  Loses game:     	---       	Black=1      Mistake:       	White=2     	Black=6      Inaccurate:     	White=2     	Black=1      OK:         	White=6     	Black=7      Best:        	White=7     	Black=3} 1-0

[Event "Budapest GM ONE WEEK Feb 2024"]
[Site "Budapest"]
[Date "2024.02.27"]
[Round "2.3"]
[White "Gaal, Zsoka"]
[Black "Pap, Misa"]
[Result "0-1"]
[ECO "A88"]
[WhiteElo "2341"]
[BlackElo "2422"]
[Annotator "RC"]
[PlyCount "108"]
[EventDate "2024.02.25"]
[EventType "tourn"]
[EventCountry "HUN"]
[SourceTitle "playchess.com"]
[Source "ChessBase"]
[SourceQuality "1"]
[TimeControl "5400+30"]

1. d4 f5 2. Nf3 Nf6 3. g3 g6 4. Bg2 Bg7 5. c4 O-O 6. O-O d6 7. Nc3 c6 8. Re1 Ne4 9. Qc2 Na6 10. Nxe4 fxe4 11. Qxe4 Nb4 12. Bg5 Rf7 13. Rad1 h6 14. Bxh6 Bxh6 15. Qxg6+ Bg7 16. Ng5 Rf6 17. Qh7+ Kf8 18. Qh5 Bd7 19. Nh7+ Kg8 20. Nxf6+ exf6 21. e4 Qc8 22. h3 Be8 23. Qe2 c5 24. d5 Nxa2 25. f4 Nb4 26. g4 b5 27. b3 bxc4 28. bxc4 a5 29. h4 a4 30. g5 fxg5 31. hxg5 a3 32. e5 Qf5 33. exd6 Bd7 34. Qh5 a2 35. Be4 Qg4+ 36. Qxg4 Bxg4 37. Rc1 Bb2 38. Ra1 Bxa1 39. Rxa1 Rf8 40. Kf2 Rxf4+ 41. Ke3 Rf8 42. Rh1 Ra8 43. Ra1 Bd7 44. Kf4 Kg7 45. Ke5 Re8+ 46. Kf4 Rh8 47. Ke5 Rh5 48. Rg1 Rh2 49. Ra1 Re2 50. Kf4 Kg8 51. Bg6 Rg2 52. Rh1 Nc2 53. Bh7+ Kg7 54. Be4 Rg4+ 0-1

[Event "Budapest GM ONE WEEK Feb 2024"]
[Site "Budapest"]
[Date "2024.02.27"]
[Round "2.4"]
[White "Paszewski, Mateusz"]
[Black "Bodi, Tibor"]
[Result "1-0"]
[ECO "C45"]
[WhiteElo "2286"]
[BlackElo "2294"]
[Annotator "TA"]
[PlyCount "77"]
[EventDate "2024.02.25"]
[EventType "tourn"]
[EventCountry "HUN"]
[SourceTitle "playchess.com"]
[Source "ChessBase"]
[SourceQuality "1"]
[TimeControl "5400+30"]

1. e4 Nc6 2. Nf3 e5 3. d4 exd4 4. Nxd4 Bc5 5. Nb3 Bb6 6. Nc3 d6 7. Bf4 Nge7 8. Qd2 O-O 9. O-O-O {[%emt 0:00:41] The position is equal.} a5 (9... Qe8 $11) 10. Bb5 $14 Be6 11. Rhe1 Ng6 12. Be3 Bxe3 13. Qxe3 Qf6 14. g3 Na7 (14... Bg4 $14) 15. Be2 $16 (15. Nxa5 $2 Nxb5 16. Nxb5 Rxa5 $19) 15... Bxb3 16. cxb3 Ne7 ({Better is} 16... c6) 17. f4 Rfe8 18. h4 Nac6 19. h5 d5 20. e5 (20. exd5 Nxd5 21. Nxd5 Rxe3 22. Nxf6+ gxf6 $18) 20... Qe6 {[%emt 0:01:26] [#] Hoping for ...d4.} 21. Qf3 a4 22. Nxa4 (22. bxa4 d4 23. Nb5 Qxa2 $17) 22... Nb4 (22... Nf5 $16) 23. Kb1 d4 (23... f6 $142 24. Qg4 Qxg4 25. Bxg4 f5) 24. Bc4 $18 (24. Rxd4 Rxa4 25. Qe4 (25. bxa4 $2 Qxa2+ 26. Kc1 Qa1+ 27. Kd2 Qxb2+ 28. Ke3 Nc2+ 29. Kf2 Qxd4+ $19) 25... Nec6 $16 (25... Rxa2 $2 26. Rxb4 Rea8 27. Kc2 $18)) 24... Qf5+ 25. Re4 {[%emt 0:04:04][%cal Og3g4] [#] And now g4! would win. Active counter play!} Nec6 {[%emt 0:02:02][%cal Rc6e5] ...Nxe5! would now be deadly.} 26. Bd3 $2 (26. e6 $18 Rxe6 27. Bxe6 fxe6 28. a3) 26... Nxd3 $1 $14 27. Rxd3 Qd7 (27... f6 $14) 28. a3 ({Not} 28. Nc5 Qd5 29. Na4 (29. Nxb7 $2 {loses.} Rab8 $19) 29... b5 $17) 28... Qd5 29. Re1 (29. h6 $16) 29... Qb5 $2 {[%emt 0:01:16][%mdl 8192] This move loses the game for Black.} (29... Qxf3 $14 30. Rxf3 b6) 30. Rc1 $18 Rxe5 31. Rxc6 ({Less strong is} 31. fxe5 Nxe5 32. Rc5 Qxd3+ 33. Qxd3 Nxd3 34. Rxc7 b5 $16) 31... Re1+ 32. Rc1 Rxc1+ 33. Kxc1 Re8 (33... Rd8 {was necessary.} 34. h6 Qd5 35. Qxd5 Rxd5) 34. Rxd4 {[%emt 0:01:06] White is clearly winning.} h6 35. Kb1 c5 36. Re4 Rd8 37. Qe2 c4 38. Nc3 Qf5 39. g4 {[%emt 0:00:21] Weighted Error Value: White=0.20 (precise) /Black=0.42.  Loses game:     	---       	Black=1      Missed win:     	White=1     	---        Mistake:       	White=1     	Black=7      Inaccurate:     	---       	Black=1      OK:         	White=14    	Black=10     Best:        	White=2     	Black=1      Strong:       	---       	Black=1} 1-0

[Event "Budapest GM ONE WEEK Feb 2024"]
[Site "Budapest"]
[Date "2024.02.27"]
[Round "2.5"]
[White "Tomic, Aleksandar"]
[Black "Pribelszky, Bence"]
[Result "1/2-1/2"]
[ECO "A05"]
[WhiteElo "2398"]
[BlackElo "2371"]
[Annotator "TA"]
[PlyCount "61"]
[EventDate "2024.02.25"]
[EventType "tourn"]
[EventCountry "HUN"]
[SourceTitle "playchess.com"]
[Source "ChessBase"]
[SourceQuality "1"]
[TimeControl "5400+30"]

1. Nf3 Nf6 2. g3 b6 3. Bg2 Bb7 4. c4 g6 5. O-O Bg7 6. Nc3 O-O 7. d4 Ne4 8. Nxe4 Bxe4 9. Bg5 c5 10. Qd2 cxd4 11. Nxd4 Bxg2 12. Kxg2 d5 13. Rad1 dxc4 {[%emt 0:04:54] [#]} 14. Nf5 $1 Qxd2 ({But not} 14... Nc6 $2 15. Qe3 Qc7 16. Nxg7 (16. Nxe7+ $2 {perishes.} Nxe7 17. Qxe7 Qc6+ 18. e4 Rfe8 $19) 16... Kxg7 17. Bh6+ Kg8 18. Qc3 $18 (18. Bxf8 Rxf8 19. Rc1 Ne5 $18)) 15. Nxe7+ Kh8 16. Rxd2 ({Of course not} 16. Bxd2 Na6 $15) 16... Re8 {[%emt 0:07:12] [#]} (16... Na6 $11 {was preferrable.}) 17. Nd5 $1 $16 {[%emt 0:11:07] White is more active.} Na6 {[%emt 0:00:08] Dodges Nc7} 18. Rc1 h6 19. Be7 (19. Be3 $16) 19... Rac8 $11 20. a4 Nc7 21. Rxc4 {[%emt 0:01:55] Black must now prevent Rdc2.} Nxd5 22. Rxc8 Rxc8 23. Rxd5 {[%emt 0:00:10][%mdl 4096] Endgame. KRB-KRB} Rc2 24. e3 Rxb2 25. Rd7 a5 {[%emt 0:01:13] The position is equal.} 26. Bd8 Kg8 27. Rb7 Rb4 28. Rxb6 Rxa4 29. Rb8 Kh7 30. Rb7 Kg8 31. Rb8 {Weighted Error Value: White=0.04 (flawless) /Black=0.05 (flawless) .  Mistake:       	White=1     	Black=1      OK:         	White=12    	Black=8      Best:        	White=1     	Black=6      Strong:       	White=1     	---        Brilliant:      	White=1     	---} 1/2-1/2